 Dungeon Crawl Stone Soup version 0.27.1-33-g824d729ab1 (console) character file.

Game seed: 4255864713095405277

226996 Banquo the Executioner (level 20, -3/147 HPs)
             Began as a Djinni Berserker on Dec 20, 2021.
             Was the Champion of Trog.
             Slain by an alligator (17 damage)
             ... called by a spriggan druid
             ... on level 2 of the Swamp on Dec 21, 2021.
             The game lasted 02:55:39 (42416 turns).

Banquo the Executioner (Djinni Berserker)          Turns: 42416, Time: 02:55:40

Health: -3/147     AC: 23    Str: 24    XL:     20   Next: 15%
Gold:   3647       EV: 16    Int: 11    God:    Trog [******] SH:  0 Dex: 20

rFire    + + .     SeeInvis .   a - +5 executioner's axe (venom)
rCold    + + .     Faith    .   (shield currently unavailable)
rNeg     . . .     Spirit   .   d - +7 Kryia's mail coat {PotionHeal*2 rC+}
rPois    ∞         Reflect  .   h - +0 helmet
rElec    .         Harm     .   e - +0 cloak of Hairiness {rC+ Regen+ Str+2 Int+2 Dex+4}
rCorr    .         Rampage  .   g - +2 pair of gloves
Will     +++..                  (boots unavailable)
Stlth    ..........             p - amulet of regeneration
HPRegen  2.34/turn              K - +4 ring of slaying
MPRegen  0.00/turn              C - ring "Tejepupn" {rC+ Will+}

@: flying, studying Axes
A: sickness immunity, fire resistance 2, cold vulnerability 1, float, innate
caster, hp casting, extra vitality 1
}: 1/15 runes: gossamer
a: Renounce Religion, Berserk, Trog's Hand, Brothers in Arms


You were on level 2 of the Swamp.
You worshipped Trog.
Trog was exalted by your worship.
You visited 5 branches of the dungeon, and saw 29 of its levels.
You also visited: Gauntlet.

You collected 4202 gold pieces.
You spent 555 gold pieces at shops.

Inventory:

Hand Weapons
 a - a +5 executioner's axe of venom (weapon)
 b - a +3 broad axe of flaming
 c - the +9 hunting sling "Kityjus" {flame, *Slow rElec Will+ Str+7}
   (You bought it in a shop on level 14 of the Dungeon)

   Any ammunition fired from it burns those it strikes, dealing additional fire
   damage.
   Str:       It affects your strength (+7).
   rElec:     It insulates you from electricity.
   *Slow:     It may slow you when you take damage.
   Will:      It increases your willpower.
 s - a +7 antimagic hand axe
 w - the +8 halberd "Weytuowu" {speed, Fly rF++ Dex-4 SInv}
   (You found it on level 4 of the Spider Nest)

   Attacks with this weapon are significantly faster.
   Dex:       It affects your dexterity (-4).
   rF:        It greatly protects you from fire.
   SInv:      It lets you see invisible.
   Fly:       It grants you flight.
 y - the +4 rapier "Riemey" {venom, Will+ Str-5 Dex+3}
   (You found it on level 1 of the Swamp)

   It poisons the flesh of those it strikes.
   Str:       It affects your strength (-5).
   Dex:       It affects your dexterity (+3).
   Will:      It increases your willpower.
 T - a +5 fustibalus of freezing
Missiles
 o - 183 sling bullets
 H - 30 boomerangs
 L - 768 stones (quivered)
Armour
 d - the +7 Kryia's mail coat (worn) {PotionHeal*2 rC+}
   (You found it on level 8 of the Dungeon)

   Potions are twice as effective at healing its wearer.
   rC:        It protects you from cold.
 e - the +0 cloak of Hairiness (worn) {rC+ Regen+ Str+2 Int+2 Dex+4}
   (You found it in a Gauntlet)

   Str:       It affects your strength (+2).
   Int:       It affects your intelligence (+2).
   Dex:       It affects your dexterity (+4).
   rC:        It protects you from cold.
   Regen:     It increases your rate of health regeneration.
 g - a +2 pair of gloves (worn)
 h - a +0 helmet (worn)
 B - a scarf of repulsion
Jewellery
 p - an amulet of regeneration (around neck)
 v - the ring "Lyky" {Fire rCorr Int+2 Slay+2}
   (You found it on level 4 of the Lair of Beasts)

   [ring of fire]

   It enhances your fire magic.
   Int:       It affects your intelligence (+2).
   Slay:      It affects your accuracy & damage with ranged weapons and melee
   (+2).
   rF:        It protects you from fire.
   rC:        It makes you vulnerable to cold.
   rCorr:     It protects you from acid and corrosion.
 A - a +4 ring of protection
 C - the ring "Tejepupn" (right hand) {rC+ Will+}
   (You found it in a Gauntlet)

   [ring of willpower]

   rC:        It protects you from cold.
   Will:      It increases your willpower.
 F - an amulet of regeneration
 J - a ring of positive energy
 K - a +4 ring of slaying (left hand)
 S - a ring of see invisible
Wands
 l - a wand of flame (17)
 D - a wand of digging (5)
 W - a wand of acid (36)
 Y - a wand of iceblast (22)
Scrolls
 i - 10 scrolls of identify
 m - 5 scrolls of magic mapping
 n - 5 scrolls of holy word
 q - 2 scrolls of summoning
 r - 2 scrolls of silence
 t - 12 scrolls of teleportation
 E - a scroll of enchant armour
 I - 2 scrolls of fear
Potions
 f - 4 potions of invisibility
 k - a potion of cancellation
 u - a potion of might
 x - 3 potions of ambrosia
 z - 9 potions of curing
 M - 3 potions of haste
 Q - 3 potions of resistance
 R - 2 potions of heal wounds
Miscellaneous
 j - a lightning rod (4/4)
 V - a box of beasts


   Skills:
 * Level 14.0 Fighting
 * Level 21.3 Axes
 - Level 5.0 Slings
 * Level 12.7 Armour
 * Level 8.4 Dodging


You couldn't memorise any spells.
You knew the following spells:

 Your Spells              Type           Power      Damage    Failure   Level
a - Animate Skeleton      Necr           0%         N/A       56%         1
b - Wereblood             Tmut           0%         N/A       71%         2
c - Conjure Flame         Conj/Fire      0%         6-21      91%         3
d - Fulminant Prism       Conj/Hex       0%         3d6       100%        4
e - Cause Fear            Hex            0%         N/A       100%        4
f - Metabolic Englaciati  Hex/Ice        0%         N/A       100%        5
g - Statue Form           Tmut/Erth      0%         N/A       100%        6
h - Dispersal             Tloc           0%         N/A       100%        6
i - Shadow Creatures      Summ           N/A        N/A       100%        6
Your spell library was empty.


Dungeon Overview and Level Annotations

Branches:
Dungeon (15/15)            Temple (0/1) D:6            Lair (6/6) D:11
  Swamp (2/4) Lair:4       Spider (4/4) Lair:4        Slime (0/5) Lair:6
    Orc (2/2) D:9             Elf (0/3) Orc:2        Vaults (0/5) D:13
 Depths (0/5) D:15        Gauntlet (visited)

Altars:
Fedhas
Sif Muna
Beogh

Shops:
D:8 =   D:10 =   D:14 (   Orc:2 =([*:

Annotations:
D:13 1 runed translucent door, Krodha's ghost, journeyman MiBe
Spider:4 2 transporters, exclusion: ice statue, Vubreenic's ghost, adept CeHu


Innate Abilities, Weirdness & Mutations

You are immune to sickness and miasma.
You are immune to poison.
Your flesh is very heat resistant. (rF++)
You are vulnerable to cold. (rC-)
You float through the air rather than walking.
You learn spells naturally, not from books.
Your magical power is your life essence.
You have superior vitality. (+4 HP)


Message History

The spriggan druid calls out to the beasts of the wild!
The spriggan rider hits you from afar with a +0 spear.
The spriggan shouts!
You hit the spriggan druid.
The spriggan druid is severely wounded.
An alligator comes into view.
The spriggan druid hits you with a +0 quarterstaff!
The spriggan rider hits you but does no damage.
You slice the spriggan druid!!
With its final breath, the spriggan druid offers up its power to the beasts of the wild!
The swamp worm seems to grow more fierce.
The goliath frog seems to grow more fierce.
You kill the spriggan druid!
Trog accepts your kill.
Trog appreciates your killing of a magic user.
The goliath frog hits you from afar!!
You are splashed with acid!
A tyrant leech comes into view.
The spriggan rider misses you. The goliath frog completely misses you.
The spriggan rider closely misses you.
The alligator puts on a burst of speed!
The goliath frog hits you!!
You are splashed with acid!
You hear a deafening roar!
Things that are here:
a +0 quarterstaff; a +0 robe; 11 gold pieces You slice the goliath frog!!
The goliath frog looks as sick as possible!
The goliath frog is heavily wounded.
The spriggan rider hits you from afar with a +0 spear!
The goliath frog hits you!!
* * * LOW HITPOINT WARNING * * *
You are splashed with acid!
* * * LOW HITPOINT WARNING * * *
Unknown command.
Unknown command.
Unknown command.
Blink to where?
Press: ? - help, Dir - move target
As you read the scroll of blinking, it crumbles to dust.
The alligator bites you!
You die...

.♣♣≈≈≈......≈≈≈≈≈≈≈.♣ .≈
≈♣♣♣♣≈≈.....≈≈≈.≈≈≈.♣.≈≈≈
.♣ ♣♣.....≈§≈..§≈≈.♣.≈≈≈.
♣♣ ♣≈.....≈≈≈........≈..≈
♣ ♣.≈≈≈..≈≈≈..≈≈≈≈...≈§. ♣
§..≈≈≈≈...†<.≈≈≈≈≈.....
♣♣♣♣♣≈≈≈≈..♣♣...≈≈≈≈≈≈.(..
.♣ ♣≈.≈.♣♣♣♣.≈..≈≈≈≈≈...♣
..♣ ♣≈≈≈. ♣♣...@≈≈≈≈≈≈.≈♣
.♣♣ ♣≈.≈≈ ♣♣≈..t>.≈≈≈≈≈..§
♣.. ≈≈ ♣..≈....≈≈≈≈≈..≈ .
§.♣ ♣♣≈.♣♣.≈≈≈≈≈≈≈..≈ .≈
≈. ♣♣≈≈.≈....≈≈≈≈.≈≈. ≈≈≈
≈ ♣...≈......≈≈...≈≈ ≈≈≈≈≈
♣♣♣§.≈..≈..♣♣♣≈§≈≈≈
≈≈.♣≈.♣♣.≈i§≈.♣ ≈≈≈≈≈
.≈..≈≈§♣iF..≈♣♣ ...≈≈


You could see an alligator (swift) and a spriggan.

Vanquished Creatures
  Arachne (Spider:3)
  A fenstrider witch (Swamp:1)
  5 ghost moths
  Aizul (Spider:1)
  2 emperor scorpions (Spider:4)
  Nessos (Lair:4)
  2 entropy weavers (Spider:3)
  3 dire elephants
  A spark wasp (Spider:4)
  A bunyip (Swamp:1)
  A minotaur (Gauntlet)
  An ettin (D:15)
  The ghost of HunfridMar the Eclecticist, a journeyman DECj of Vehumet (Lair:4)
  An eleionoma (Swamp:1)
  Fannar (D:9)
  Josephine (Orc:1)
  6 boulder beetles
  An ice dragon (Lair:4)
  4 ogre magi (Orc:2)
  12 hydras
  8 centaur warriors
  A death knight (D:12)
  17 two-headed ogres
  8 alligators
  A tengu warrior (Gauntlet)
  4 death yaks
  A deep elf knight (Spider:2)
  A spriggan (Swamp:2)
  2 spriggan druids
  2 goliath frogs (Swamp:1)
  4 bog bodies
  3 deep trolls (D:15)
  2 deep elf archers
  A lindwurm (Lair:3)
  A necromancer (D:15)
  Pikel (D:7)
  2 orc knights
  A deep elf zephyrmancer (D:13)
  20 orb spiders
  6 deep elf pyromancers
  29 wolf spiders
  11 ugly things
  3 manticores
  2 orc sorcerers
  A will-o-the-wisp (Swamp:2)
  The ghost of Kaptain the Digger, a novice OpEE (D:5)
  A moth of wrath (Spider:4)
  6 cyclopes
  A black mamba (shapeshifter) (D:13)
  19 elephants
  8 black mambas
  The ghost of spimroxx the Thaumaturge, a novice DEFE of Vehumet (D:7)
  2 gargoyles
  2 torpor snails
  Maggie (Lair:2)
  A guardian serpent (Lair:6)
  19 cane toads
  2 unseen horrors
  6 rime drakes
  2 tengu conjurers
  12 komodo dragons
  10 demonic crawlers
  3 yaktaurs (D:13)
  2 freezing wraiths (D:15)
  29 jumping spiders
  A queen bee (Gauntlet)
  3 meliai (D:13)
  15 hornets
  3 tyrant leeches
  7 trolls
  20 slime creatures
  11 polar bears
  7 blink frogs
  2 raiju (Lair:6)
  5 wraiths
  31 tarantellas
  5 shadows (Gauntlet)
  57 redbacks
  4 fire bats (D:8)
  A vampire (D:14)
  15 wyverns
  6 basilisks
  49 yaks
  3 steam dragons
  2 death yak simulacra (Lair:4)
  13 vampire mosquitoes
  6 swamp worms
  A hydra simulacrum (Lair:4)
  7 wargs
  20 water moccasins
  17 hell hounds
  A swamp drake (Swamp:1)
  21 orc warriors
  An ice beast (D:8)
  11 black bears (Lair:6)
  2 sky beasts
  A necrophage (D:7)
  A black mamba simulacrum (Lair:4)
  25 wolves
  22 ogres
  4 phantoms
  15 centaurs
  4 kobold brigands
  6 bullfrogs
  A cane toad simulacrum (Lair:4)
  2 scorpions
  A wyvern skeleton (D:7)
  4 jellies
  A hornet simulacrum (D:12)
  4 killer bees (Gauntlet)
  12 wights
  4 electric eels
  11 howler monkeys
  2 lava snakes (D:8)
  A crimson imp (D:12)
  6 centaur zombies
  2 komodo dragon simulacra (Lair:4)
  A hound (D:3)
  17 orc priests
  A gnoll shaman (D:7)
  An iguana (D:5)
  13 orc wizards
  5 adders
  3 gnolls (D:7)
  3 shadow imps
  2 white imps
  An ufetubus (D:4)
  An adder skeleton (D:4)
  A worm (D:3)
  3 dart slugs
  81 orcs
  3 bats
  7 endoplasms
  4 giant cockroaches
  8 hobgoblins
  4 jackals (D:3)
  3 quokkas
  6 ball pythons
  4 frilled lizards
  4 goblins
  25 kobolds
  8 rats
  A fire vortex (D:8)
993 creatures vanquished.

Vanquished Creatures (collateral kills)
  A two-headed ogre (Orc:2)
  A komodo dragon (Lair:1)
  2 blink frogs (Lair:3)
4 creatures vanquished.

Vanquished Creatures (others)
  A bog body (Swamp:2)
  A yaktaur (D:13)
  3 bloated husks
  A swamp worm (Swamp:2)
  A boggart (D:13)
  A kobold (D:13)
  A bush (D:14)
  2 fire vortices (D:8)
  49 fungi
  101 plants
161 creatures vanquished.

Grand Total: 1158 creatures vanquished

Notes
Turn   | Place    | Note
-------+----------+-------------------------------------------
     0 | D:1      | Banquo the Djinni Berserker began the quest for the Orb.
     0 | D:1      | Reached XP level 1. HP: 20/20 MP: 0/0
   549 | D:1      | Reached XP level 2. HP: 25/25 MP: 0/0
   901 | D:1      | Reached skill level 3 in Axes
  1078 | D:2      | Reached ** piety under Trog
  1197 | D:2      | Reached XP level 3. HP: 27/30 MP: 0/0
  1197 | D:2      | Learned a level 1 spell: Animate Skeleton
  1288 | D:2      | Found a faded altar of an unknown god.
  1711 | D:2      | Reached XP level 4. HP: 35/35 MP: 0/0
  2223 | D:3      | Reached XP level 5. HP: 25/41 MP: 0/0
  2223 | D:3      | Learned a level 2 spell: Wereblood
  3559 | D:4      | Reached skill level 4 in Axes
  3559 | D:4      | Reached XP level 6. HP: 45/47 MP: 0/0
  3855 | D:4      | Noticed an ogre
  3868 | D:4      | Killed an ogre
  3985 | D:4      | Identified the +0 robe of Bitterness {rN+ Regen+ Slay-2
                  | Stlth+}
  4191 | D:4      | Reached *** piety under Trog
  4439 | D:4      | Reached XP level 7. HP: 46/53 MP: 0/0
  4439 | D:4      | Learned a level 3 spell: Conjure Flame
  4562 | D:5      | Entered Level 5 of the Dungeon
  4710 | D:5      | Noticed a water moccasin
  4738 | D:5      | Killed a water moccasin
  4754 | D:5      | Reached skill level 5 in Armour
  5145 | D:5      | Reached XP level 8. HP: 56/58 MP: 0/0
  5164 | D:5      | Found a runed translucent door.
  5171 | D:5      | Noticed Kaptain's ghost (novice OpEE)
  5629 | D:6      | Reached skill level 5 in Fighting
  5696 | D:5      | Reached skill level 5 in Axes
  5774 | D:6      | Noticed a green ugly thing
  6106 | D:6      | Found a staircase to the Ecumenical Temple.
  6201 | D:6      | Killed a green ugly thing
  6202 | D:6      | Reached skill level 6 in Axes
  6202 | D:6      | Reached XP level 9. HP: 65/65 MP: 0/0
  6202 | D:6      | Learned a level 4 spell: Fulminant Prism
  6540 | D:7      | Noticed Pikel
  7136 | D:7      | Killed Pikel
  7137 | D:7      | Reached skill level 7 in Axes
  7720 | D:7      | Found a runed translucent door.
  7722 | D:7      | Noticed spimroxx's ghost (novice DEFE)
  7722 | D:7      | Noticed a cyclops
  8042 | D:8      | Found Gikligat's Jewellery Emporium.
  8097 | D:7      | Reached skill level 8 in Axes
  8097 | D:7      | Reached XP level 10. HP: 72/72 MP: 0/0
  8294 | D:8      | Reached **** piety under Trog
  9059 | D:8      | Found the +7 Kryia's mail coat {PotionHeal*2 rC+}
  9087 | D:8      | Reached skill level 9 in Axes
 10093 | D:9      | Found a staircase to the Orcish Mines.
 10636 | D:9      | Reached XP level 11. HP: 70/79 MP: 0/0
 10636 | D:9      | Learned a level 4 spell: Cause Fear
 11151 | D:10     | Entered Level 10 of the Dungeon
 11263 | D:10     | Reached skill level 10 in Axes
 11542 | D:10     | Found Caoth's Jewellery Boutique.
 11987 | D:10     | Reached ***** piety under Trog
 12502 | D:11     | Found a staircase to the Lair.
 13173 | D:11     | Reached skill level 11 in Axes
 13342 | D:11     | Noticed a centaur warrior
 13347 | D:11     | Killed a centaur warrior
 13421 | D:11     | Noticed a boulder beetle
 13917 | Lair:1   | Entered Level 1 of the Lair of Beasts
 14059 | Lair:1   | Reached skill level 10 in Armour
 14059 | Lair:1   | Reached XP level 12. HP: 9/88 MP: 0/0
 14846 | Lair:1   | Noticed a seven-headed hydra
 14857 | Lair:1   | Killed a two-headed hydra
 15051 | Lair:1   | Noticed a seven-headed hydra
 15065 | Lair:1   | Killed a one-headed hydra
 15970 | Lair:2   | Reached skill level 12 in Axes
 17258 | Lair:2   | Reached XP level 13. HP: 83/94 MP: 0/0
 17258 | Lair:2   | Learned a level 5 spell: Metabolic Englaciation
 17670 | Lair:2   | Noticed Maggie
 17751 | Lair:2   | Killed Maggie
 18052 | Lair:3   | Noticed a seven-headed hydra
 18072 | Lair:3   | Noticed a four-headed hydra
 18078 | Lair:3   | Killed a one-headed hydra
 18133 | Lair:2   | Reached skill level 10 in Fighting
 18134 | Lair:2   | Received a gift from Trog
 18325 | Lair:3   | Identified the +2 short sword of the Omega Point {elec,
                  | Int+4}
 18333 | Lair:3   | Reached skill level 13 in Axes
 18864 | Lair:3   | Killed a five-headed hydra
 18865 | Lair:3   | Reached skill level 5 in Dodging
 19092 | Lair:3   | You are sucked into a shaft and drop 3 floors!
 19092 | Lair:6   | Entered Level 6 of the Lair of Beasts
 19195 | Lair:5   | Noticed a seven-headed hydra
 19204 | Lair:4   | Noticed a six-headed hydra
 19214 | Lair:4   | Killed a one-headed hydra
 19405 | Lair:3   | Noticed a six-headed hydra
 19954 | Lair:3   | Killed a one-headed hydra
 19955 | Lair:3   | Reached skill level 14 in Axes
 20185 | Lair:3   | Noticed an eight-headed hydra
 20206 | Lair:3   | Killed a three-headed hydra
 20207 | Lair:3   | Reached XP level 14. HP: 103/103 MP: 0/0
 20480 | Lair:4   | Noticed Nessos
 21032 | Lair:4   | Found a runed translucent gate.
 21032 | Lair:4   | Found a runed translucent gate.
 21032 | Lair:4   | Found a runed translucent gate.
 21403 | Lair:4   | HP: 5/154 [Nessos/bolt of acid (16)]
 21403 | Lair:4   | HP: 1/154 [acid (4)]
 21414 | Lair:4   | Killed Nessos
 21724 | Lair:4   | Noticed HunfridMar's ghost (journeyman DECj)
 21884 | Lair:4   | Found a staircase to the Swamp.
 22196 | Lair:4   | Found a hole to the Spider Nest.
 22619 | Lair:5   | Reached skill level 15 in Axes
 24231 | Lair:6   | Noticed a dire elephant
 24246 | Lair:6   | Killed a dire elephant
 24246 | Lair:6   | Received a gift from Trog
 24727 | Lair:6   | Reached XP level 15. HP: 110/110 MP: 0/0
 24727 | Lair:6   | Learned a level 6 spell: Statue Form
 25910 | Lair:6   | Found a staircase to the Slime Pits.
 25920 | Lair:6   | Reached skill level 16 in Axes
 26412 | Lair:6   | Received a gift from Trog
 26978 | Lair:6   | Identified the +1 ring mail of Subjectivity {rN+ Slay-6
                  | SInv}
 28125 | D:12     | Identified a scroll of acquirement
 28179 | D:10     | Bought an amulet of regeneration for 360 gold pieces
 29012 | D:13     | Found a runed translucent door.
 29012 | D:13     | Noticed Krodha's ghost (journeyman MiBe)
 29197 | D:13     | Reached skill level 17 in Axes
 29275 | D:13     | Reached XP level 16. HP: 104/118 MP: 0/0
 29540 | D:13     | Found Ubitwuij's Jewellery Shop.
 29817 | D:13     | Found a gate to the Vaults.
 30055 | Orc:1    | Entered Level 1 of the Orcish Mines
 30055 | Orc:1    | Noticed Fannar
 30067 | D:9      | Killed Fannar
 30492 | Orc:2    | Entered Level 2 of the Orcish Mines
 30492 | Orc:2    | Noticed Josephine
 30494 | Orc:2    | Reached ****** piety under Trog
 30768 | Orc:1    | Killed Josephine
 30836 | Orc:2    | Received a gift from Trog
 30888 | Orc:2    | Found a staircase to the Elven Halls.
 31249 | Orc:2    | Paralysed by an ogre mage for 6 turns
 31554 | Orc:2    | Reached skill level 18 in Axes
 31777 | Orc:2    | Found Adurasiu's Antique Armour Shop.
 31777 | Orc:2    | Found Dismiyshrof's Jewellery Emporium.
 31778 | Orc:2    | Found Qilufyi's Assorted Antiques.
 31778 | Orc:2    | Found Zatokh's Weapon Shop.
 31854 | Orc:2    | Found Dohaf's Book Boutique.
 32854 | D:14     | Found Saerin's Antique Weapon Shop.
 32862 | D:14     | Bought a buzzing hunting sling for 195 gold pieces
 32862 | D:14     | Identified the +9 hunting sling "Kityjus" {flame, *Slow
                  | rElec Will+ Str+7} (You bought it in a shop on level 14 of
                  | the Dungeon)
 32939 | D:14     | Reached XP level 17. HP: 104/124 MP: 0/0
 32939 | D:14     | Learned a level 6 spell: Dispersal
 33233 | D:15     | Entered Level 15 of the Dungeon
 33239 | D:15     | Found the +4 robe of Augmentation {Str+4 Int+4 Dex+4}
 33248 | D:15     | Found a gate leading to a gauntlet.
 33276 | Gauntlet | Entered a Gauntlet
 33276 | Gauntlet | Found a transporter.
 33276 | Gauntlet | Found a transporter.
 33276 | Gauntlet | Found a transporter.
 33276 | Gauntlet | Found a transporter.
 33296 | Gauntlet | Found a transporter.
 33298 | Gauntlet | Found a large runed translucent door.
 33299 | Gauntlet | Found a large runed translucent door.
 33300 | Gauntlet | Found a large runed translucent door.
 33300 | Gauntlet | Found a large runed translucent door.
 33300 | Gauntlet | Found a runed translucent door.
 33300 | Gauntlet | Found a runed translucent door.
 33301 | Gauntlet | Found a large runed translucent door.
 33301 | Gauntlet | Found a large runed translucent door.
 33301 | Gauntlet | Found a large runed translucent door.
 33301 | Gauntlet | Found a large runed translucent door.
 33302 | Gauntlet | Found a large runed translucent door.
 33303 | Gauntlet | Found a large runed translucent door.
 33303 | Gauntlet | Found a large runed translucent door.
 33303 | Gauntlet | Found a large runed translucent door.
 33304 | Gauntlet | Found a large runed translucent door.
 33304 | Gauntlet | Found a large runed translucent door.
 33304 | Gauntlet | Found a large runed translucent door.
 33304 | Gauntlet | Found a large runed translucent door.
 33307 | Gauntlet | Found a runed translucent gate.
 33307 | Gauntlet | Found a runed translucent gate.
 33307 | Gauntlet | Found a runed translucent gate.
 33309 | Gauntlet | Found a transporter.
 33313 | Gauntlet | Found a transporter.
 33332 | Gauntlet | Found a transporter.
 33361 | Gauntlet | Found a transporter.
 33361 | Gauntlet | Found a transporter.
 33365 | Gauntlet | Found a transporter.
 33429 | Gauntlet | Found a transporter.
 33518 | Gauntlet | Identified the ring "Tejepupn" {rC+ Will+}
 33537 | Gauntlet | Received a gift from Trog
 33612 | Gauntlet | Identified the +0 cloak of Hairiness {rC+ Regen+ Str+2
                  | Int+2 Dex+4}
 34075 | D:15     | Found a blossoming altar of Fedhas.
 34343 | D:15     | Found a staircase to the Depths.
 35204 | Spider:1 | Entered Level 1 of the Spider Nest
 35285 | Spider:1 | Reached skill level 19 in Axes
 36285 | Spider:2 | Reached skill level 1 in Slings
 36428 | Spider:2 | Received a gift from Trog
 36575 | Spider:2 | Noticed Aizul
 36632 | Spider:1 | Killed Aizul
 36961 | Spider:3 | Noticed Arachne
 37075 | Spider:3 | Reached XP level 18. HP: 131/131 MP: 0/0
 37265 | Spider:3 | Reached XP level 19. HP: 138/138 MP: 0/0
 37265 | Spider:3 | Learned a level 6 spell: Shadow Creatures
 37362 | Spider:3 | Killed Arachne
 37552 | Spider:3 | Reached skill level 5 in Slings
 38533 | D:11     | Acquired 990 gold pieces
 38535 | D:11     | Acquired a manual of Axes
 38694 | Spider:4 | Entered Level 4 of the Spider Nest
 38833 | Spider:4 | Reached skill level 20 in Axes
 38862 | Spider:4 | Received a gift from Trog
 39116 | Spider:4 | Found a transporter.
 39143 | Spider:4 | Found a transporter.
 39145 | Spider:4 | Noticed Vubreenic's ghost (adept CeHu)
 39520 | Spider:4 | Identified the +8 halberd "Weytuowu" {speed, Fly rF++ Dex-4
                  | SInv}
 39893 | Spider:4 | Got a gossamer rune of Zot
 40339 | D:5      | Killed Kaptain's ghost
 40421 | D:7      | Killed spimroxx's ghost
 40631 | Lair:4   | Killed HunfridMar's ghost
 40735 | Lair:4   | Got the ring "Lyky" {Fire rCorr Int+2 Slay+2}
 41606 | Swamp:1  | Entered Level 1 of the Swamp
 41653 | Swamp:1  | Received a gift from Trog
 41658 | Swamp:1  | Reached skill level 21 in Axes
 41769 | Swamp:1  | Reached XP level 20. HP: 93/146 MP: 0/0
 41962 | Swamp:1  | Identified the +4 rapier "Riemey" {venom, Will+ Str-5
                  | Dex+3}
 42416 | Swamp:2  | Slain by an alligator

Illustrated notes

Levels and vault maps discovered:
D:1:      lightli_arrival_farm, layout_basic
D:2:      layout_basic, ebering_ecumenical_altar_webs
D:3:      layout_loops_corners
D:4:      minmay_inner_zag, layout_basic, minivault_4
D:5:      layout_rooms, ebering_ghost_reflecting_pool
D:6:      layout_basic, minmay_temple_entry_stoned_glass,
          kennysheep_generic_room_11
D:7:      layout_rooms, ebering_ghost_inner_flame, minmay_crystal_water,
          uniq_pikel
D:8:      layout_basic, serial_shops, shop, hex_intersection,
          hangedman_incinerator
D:9:      layout_gridville, mainiacjoe_overflow_six_doors_small, david_orc_5
D:10:     layout_loops_cross, nicolae_inconvenience_store
D:11:     layout_roguey, david_lair_shrubbed, kennysheep_generic_room_5
D:12:     layout_roguey, wad_floor_pattern_1, minmay_fire_ice_demons
D:13:     layout_roguey, hangedman_vaults_entry_quadrant_bands, serial_shops,
          shop_coins, hellmonk_ghost_happy_afterlife, minmay_unpleasant_kobolds
D:14:     layout_roguey, serial_shops, nicolae_lakefront_shop,
          serial_park_tiny_2, lemuel_nasty_fountain
D:15:     hangedman_depths_entry_civil_slaughter, layout_basic, fedhas_altar_3,
          gauntlet_entry_generic, serial_park_tiny_1, st_stairs_3
Lair:1:   layout_concentric_octagons, nicolae_quartered_pool_medium,
          st_stairs_12, lemuel_fruit_tree
Lair:2:   layout_gridlike, beast_lair_carwin_4, grunt_megastairs_2,
          infiniplex_staircase_pool_2, uniq_maggie
Lair:3:   layout_cave_shapes
Lair:4:   layout_cave_pods, nicolae_swamp_entry_splash_gauntlet,
          spider_nest_entry_funnel_web, gammafunk_ghost_icy, uniq_nessos
Lair:5:   layout_cave_pods, chequers_serial_rivers_small_b, serial_bayou_shore_a
Lair:6:   hangedman_lair_caniforms_friends, layout_cave_pods,
          hangedman_lair_tendril_chambers, minmay_slime_entry_pillars
Swamp:1:  layout_falls_marsh, serial_swamp_ruin, evilmike_swamp_ruin_rubble_2,
          evilmike_swamp_ruin_house_5, swamp_pool3
Swamp:2:  layout_basic_swamp, evilmike_swamp_ruin_house_2, swamp_pool2,
          hangedman_swamp_grove, infiniplex_staircase_pool
Spider:1: layout_spider_delve
Spider:2: layout_spider_delve, beargit_elvish_explorers, uniq_aizul
Spider:3: layout_chambers, uniq_arachne
Spider:4: spider_rune_water, nzn_ghost_randoct
Orc:1:    layout_diamond_mine, basic_altar, david_defended_altar_orc,
          uniq_fannar
Orc:2:    st_orc_ogre_mass, layout_caves, serial_shops, shop,
          statue_in_the_mist_lemuel, uniq_josephine

Skill      XL: |  1  2  3  4  5  6  7  8  9 10 11 12 13 14 15 16 17 18 19 20 |
---------------+-------------------------------------------------------------+-----
Axes           | 3 4 6 8 9 11 12 14 15 17 18 19 21 | 21.3
Armour         | 3 4 5 7 8 9 10 11 12 | 12.7
Fighting       | 4 5 6 7 8 9 10 11 12 13 14 | 14.0
Dodging        | 3 4 5 6 7 8 |  8.4
Slings         | 2 4 5 |  5.0

Action                   |  1- 3 |  4- 6 |  7- 9 | 10-12 | 13-15 | 16-18 | 19-21 || total
-------------------------+-------+-------+-------+-------+-------+-------+-------++-------
Melee: Hand axe          |    12 |    15 |   122 |       |       |       |       ||   149
       Dagger            |    68 |   167 |    21 |     4 |       |       |       ||   260
       War axe           |       |       |   123 |   688 |   191 |       |       ||  1002
       Morningstar       |       |       |       |    10 |       |       |       ||    10
       Executioner's axe |       |       |       |       |   692 |   707 |   381 ||  1780
       Broad axe         |       |       |       |       |     3 |       |    34 ||    37
 Fire: Hunting sling     |       |       |       |       |       |    31 |       ||    31
Invok: Berserk           |     1 |     1 |    10 |    22 |    27 |    14 |     2 ||    77
       Trog's Hand       |       |       |     1 |     4 |     2 |       |       ||     7
       Brothers in Arms  |       |       |       |       |     2 |     1 |       ||     3
Evoke: Wand              |       |       |       |       |     2 |       |       ||     2
  Use: Scroll            |       |       |    16 |     5 |    10 |     2 |     4 ||    37
       Potion            |       |       |       |       |     3 |     1 |       ||     4
 Stab: Distracted        |       |       |       |       |     1 |       |       ||     1
Armor: Animal skin       |     3 |       |       |       |       |       |       ||     3
       Plate armour      |    44 |   107 |   192 |   121 |       |       |       ||   464
       Scale mail        |       |       |       |   398 |   651 |   527 |   252 ||  1828
Dodge: Dodged            |    31 |    45 |    74 |   390 |   679 |   582 |   308 ||  2109
       Repelled          |       |       |       |       |     7 |     5 |       ||    12
